Map: Acid Plant LE

Players

MonkeySpazy - Winner!

  • Race: Zerg Zerg
  • League: Master
  • Spawn Location: 5:00

SHODAN

  • Race: Terran Terran
  • League: Master
  • Spawn Location: 11:00

VOD

Have the link to the VOD?

Description

Time

  • Played on: July 27, 2018, 1:28 a.m.
  • Length: 13:38
Show
View Real Time Build Order
Export as new Build Order

MonkeySpazy Zerg - Winner!

Build Orders: Hatch First 

Get SALT Encoding   

  12  0:00  Drone  
  13  0:12  Overlord  
  13  0:18  Drone  
  14  0:30  Drone x2  
  16  0:36  Drone  
  17  0:51  Hatchery  
  17  0:55  Drone  
  17  1:09  Spawning Pool  
  16  1:11  Drone  
  16  1:15  Extractor  
  16  1:17  Drone  
  17  1:20  Drone  
  18  1:27  Drone  
  19  1:38  Overlord  
  19  1:49  Drone  
  20  1:55  Queen  
  20  2:00  Zergling x2  
  23  2:03  Zergling x2, Queen  
  26  2:14  Drone x2  
  28  2:16  Metabolic Boost  
  28  2:22  Drone  
  29  2:28  Overlord  
  29  2:31  Queen  
  31  2:38  Queen  
  31  2:43  Drone x2  
  35  2:48  Overlord  
  35  2:49  Drone  
  36  2:55  Overlord  
  36  3:00  Drone  
  36  3:05  Drone x2  
  39  3:06  Drone  
  40  3:13  Drone x5  
  40  3:18  Overlord  
  45  3:25  Zergling x2  
  46  3:32  Zergling x4  
  48  3:40  Drone x3  
  51  3:42  Extractor  
  51  3:43  Extractor  
  51  3:44  Hatchery  
  51  3:47  Drone x3  
  51  3:50  Drone x2  
  51  3:54  Drone  
  54  3:58  Extractor  
  54  3:59  Overlord  
  53  4:11  Queen  
  53  4:15  Overlord  
  55  4:17  Lair, Drone x2  
  55  4:18  Drone  
  55  4:20  Drone  
  55  4:22  Drone x4  
  58  4:43  Drone  
  58  4:44  Drone x6  
  65  4:47  Queen  
  65  4:51  Zergling x2  
  68  4:55  Overlord  
  68  4:59  Overlord x2  
  68  5:03  Overlord  
  68  5:08  Overlord  
  68  5:13  Extractor, Queen  
  69  5:15  Extractor  
  69  5:20  Drone x2  
  69  5:22  Spire  
  69  5:23  Queen  
  69  5:25  Drone x3  
  69  5:26  Drone x4  
  77  5:30  Zergling x2  
  77  5:31  Zergling x2  
  79  5:37  Drone  
  79  5:38  Drone x4  
  79  5:42  Zergling x2  
  85  5:47  Zergling x2  
  86  5:50  Zergling x4  
  86  5:56  Overlord  
  88  5:58  Overlord x3  
  88  6:03  Zergling x4  
  82  6:33  Mutalisk x13  
  108  6:42  Drone x4  
  108  6:44  Zergling x2  
  113  6:50  Mutalisk  
  113  6:53  Zerg Flyer Weapons Level 1  
  113  6:54  Mutalisk x2  
  119  7:02  Queen  
  119  7:03  Extractor  
  120  7:12  Drone  
  120  7:13  Drone x2  
  123  7:17  Hatchery  
  123  7:18  Drone x2, Evolution Chamber x2  
  123  7:19  Baneling Nest, Zergling x6  
  123  7:20  Zergling x4  
  126  7:26  Zergling x4  
  126  7:27  Zergling x2  
  129  7:31  Overlord x2  
  129  7:32  Overlord x2  
  129  7:36  Overlord  
  129  7:47  Zerg Ground Armor Level 1  
  129  7:48  Overlord x2  
  129  7:49  Mutalisk  
  129  7:50  Mutalisk x2  
  135  7:53  Drone  
  135  7:54  Drone  
  135  7:56  Drone  
  138  8:03  Drone x4  
  136  8:06  Hydralisk Den  
  136  8:08  Infestation Pit  
  136  8:09  Mutalisk x2  
  138  8:14  Mutalisk x2  
  138  8:19  Zerg Missile Weapons Level 1  
  140  8:29  Drone  
  140  8:30  Drone x8  
  147  8:37  Infestation Pit, Drone x3  
  148  8:50  Muscular Augments  
  148  8:52  Hive  
  148  8:54  Drone  
  149  8:56  Extractor  
  149  8:57  Extractor  
  149  8:58  Hydralisk x4  
  149  8:59  Hydralisk x3  
  161  9:10  Drone x3  
  161  9:11  Drone x3  
  161  9:14  Hydralisk  
  161  9:15  Hydralisk x4  
  177  9:21  Hydralisk x2  
  177  9:22  Hydralisk  
  177  9:24  Hatchery  
  182  9:25  Hydralisk  
  182  9:29  Hydralisk  
  182  9:51  Zerg Ground Armor Level 2  
  178  10:02  Grooved Spines  
  178  10:04  Viper x2  
  178  10:08  Drone x5  
  178  10:12  Viper  
  178  10:13  Hydralisk x2  
  170  10:18  Hydralisk x2  
  168  10:28  Evolution Chamber x2  
  167  10:29  Evolution Chamber  
  167  10:30  Evolution Chamber  
  167  10:31  Evolution Chamber x2  
  167  10:32  Hydralisk, Evolution Chamber  
  167  10:33  Hydralisk x5  
  173  10:37  Drone x2  
  173  10:38  Drone x4  
  179  10:43  Viper  
  179  10:46  Overlord  
  182  10:56  Zerg Missile Weapons Level 2  
  182  11:08  Extractor  
  182  11:10  Extractor  
  180  11:12  Spine Crawler x2, Drone x3  
  180  11:13  Spine Crawler x2, Drone x2  
  180  11:15  Spine Crawler  
  180  11:16  Hydralisk x7  
  180  11:17  Hydralisk x2  
  198  11:27  Hydralisk  
  197  11:53  Hydralisk  
  197  11:54  Hydralisk x17  
  163  12:01  Hydralisk x4  
  185  12:15  Hydralisk x3  
  173  12:16  Hydralisk x3  
  147  12:37  Hydralisk  
  147  12:38  Hydralisk x9  
  161  12:46  Hydralisk x3  
  161  13:00  Viper  
  177  13:25  Hatchery  
Show
View Real Time Build Order
Export as new Build Order

SHODAN Terran 

Build Orders: Reaper Expand, Mech 

Get SALT Encoding   

  12  0:00  SCV  
  13  0:13  SCV  
  14  0:17  Supply Depot  
  14  0:25  SCV  
  15  0:39  SCV  
  15  0:40  Barracks  
  16  0:46  Refinery  
  16  0:51  SCV  
  17  1:03  SCV  
  18  1:15  SCV  
  19  1:28  Orbital Command  
  19  1:29  Reaper  
  20  1:40  Command Center  
  20  1:48  Supply Depot  
  20  1:53  SCV  
  21  2:01  Marine  
  21  2:06  SCV  
  21  2:07  Factory  
  23  2:12  Refinery  
  23  2:19  SCV, Marine  
  25  2:31  SCV  
  26  2:38  Barracks Reactor  
  26  2:43  SCV  
  27  2:53  Orbital Command  
  27  2:54  Refinery  
  27  2:55  SCV, Hellion  
  27  2:56  Starport  
  30  3:07  SCV  
  31  3:15  Marine x2  
  31  3:17  Factory Tech Lab  
  31  3:19  SCV x2  
  35  3:31  SCV x2  
  37  3:34  Medivac  
  37  3:35  Supply Depot  
  37  3:37  Siege Tank  
  42  3:44  SCV  
  42  3:45  SCV  
  44  3:48  Marine x2  
  44  3:55  Supply Depot  
  46  3:57  SCV x2  
  46  3:58  Infernal Pre-Igniter  
  48  4:09  Siege Tank, SCV x2  
  53  4:16  Marine x2  
  55  4:17  Medivac  
  55  4:20  Supply Depot  
  55  4:21  SCV x2  
  56  4:34  SCV  
  56  4:37  SCV  
  54  4:40  Marine x2  
  54  4:42  Siege Tank  
  59  4:46  SCV  
  59  4:49  SCV  
  61  4:58  Marine x2  
  61  4:59  Medivac  
  66  5:00  SCV  
  66  5:01  SCV  
  66  5:06  Supply Depot  
  67  5:08  Supply Depot  
  67  5:12  SCV  
  68  5:21  Command Center  
  68  5:23  SCV  
  69  5:29  Supply Depot, Factory  
  69  5:31  Refinery  
  69  5:37  SCV  
  69  5:38  SCV  
  69  5:39  Barracks Reactor  
  69  5:41  Supply Depot  
  71  5:44  Hellion x2  
  71  5:49  SCV  
  76  5:51  SCV  
  77  6:01  Armory, Raven  
  77  6:02  SCV  
  77  6:03  Armory, SCV  
  81  6:07  Hellion x2  
  85  6:14  SCV  
  85  6:15  SCV  
  85  6:17  Refinery  
  87  6:26  SCV  
  89  6:40  Hellion x4  
  89  6:42  SCV x2  
  89  6:45  Orbital Command  
  89  6:47  Refinery  
  97  6:53  Factory  
  98  6:54  SCV x2, Factory  
  98  6:55  Engineering Bay  
  99  7:04  Terran Vehicle And Ship Armor Level 1, Terran Vehicle Weapons Level 1  
  99  7:06  SCV x2  
  101  7:09  Hellion x2  
  101  7:10  Starport Reactor  
  105  7:16  SCV  
  105  7:17  Factory  
  105  7:18  SCV x2  
  105  7:21  Missile Turret  
  108  7:23  Missile Turret  
  108  7:27  Missile Turret  
  108  7:32  Missile Turret  
  108  7:35  SCV x3  
  111  7:40  Thor  
  111  7:41  Factory Tech Lab  
  117  7:48  Missile Turret  
  117  7:49  Missile Turret  
  117  7:52  Supply Depot  
  117  7:53  Supply Depot, SCV x2  
  117  7:54  Supply Depot  
  117  8:05  Thor  
  117  8:07  Factory Tech Lab  
  117  8:08  Widow Mine  
  125  8:14  Widow Mine x3  
  131  8:24  Factory  
  131  8:26  Factory Tech Lab  
  125  8:35  Widow Mine  
  125  8:36  Missile Turret  
  124  8:45  Viking, Hellion x3  
  124  8:48  Thor x2  
  140  8:57  Missile Turret  
  140  9:08  Factory Tech Lab  
  140  9:11  Command Center  
  140  9:12  Terran Vehicle Weapons Level 2  
  140  9:27  Thor  
  140  9:29  Hellion  
  148  9:41  Factory  
  148  9:44  Missile Turret  
  148  9:46  Starport Reactor, Missile Turret x2  
  148  9:48  Thor  
  148  9:49  Hellion  
  148  9:50  Supply Depot  
  148  9:52  Supply Depot x3  
  156  10:12  Hellion x3  
  156  10:13  Thor  
  168  10:19  Hellion  
  148  10:29  Factory Tech Lab  
  148  10:31  Siege Tank  
  148  10:33  SCV x3, Hellion  
  148  10:34  Terran Vehicle And Ship Armor Level 2  
  154  10:44  Refinery  
  154  10:45  SCV x3  
  154  10:46  Sensor Tower  
  154  10:49  Refinery  
  157  10:52  Siege Tank  
  157  10:53  Hellion x3  
  157  10:56  Siege Tank  
  169  10:58  Viking x2  
  169  10:59  Planetary Fortress  
  169  11:03  Siege Tank  
  176  11:05  Hellion  
  178  11:12  Factory  
  178  11:16  Factory  
  178  11:23  Cyclone x2  
  178  11:24  Siege Tank, Cyclone  
  190  11:26  SCV x2  
  190  11:28  Siege Tank  
  195  11:36  Siege Tank  
  146  11:56  Siege Tank  
  146  11:59  Viking, Hellion x2  
  146  12:00  Siege Tank  
  139  12:05  Hellion x2  
  139  12:08  Siege Tank  
  146  12:15  Medivac  
  144  12:28  Siege Tank  
  144  12:29  Hellion  
  143  12:31  Hellion  
  143  12:32  Siege Tank, Hellion  
  121  12:37  Hellion  
  121  12:40  Siege Tank  
  100  12:51  Hellion  
  89  12:52  Hellion x2  
  89  12:53  Hellion x2  
  97  12:59  Hellion  
  97  13:00  Siege Tank  
  97  13:03  SCV  
  97  13:04  SCV x2  
  97  13:05  Siege Tank  
  108  13:12  Hellion  
  109  13:13  Hellion x2  
  109  13:14  Hellion  
  109  13:15  SCV  
Tags
 
Add a new tag
Caveats
  • Supply blocks, unpowered buildings, or Contaminate may cause inaccurate times.
  • Supply counts are checked every 10 seconds.